 Dungeon Crawl Stone Soup version 0.29-a0-1027-gcd8c55af63 (webtiles) character file.

Game seed: 1365979729035269997

528 Locuples the Chopper (level 7, -7/61 HPs)
             Began as a Minotaur Fighter on Aug 12, 2022.
             Was a Plaything of Xom.
             Mangled by a sixfirhy (11 damage)
             ... summoned by Xom
             ... on level 4 of the Dungeon.
             The game lasted 00:05:02 (3045 turns).

Locuples the Chopper (Minotaur Fighter)             Turns: 3045, Time: 00:05:03

Health: -7/61      AC: 13    Str: 23    XL:     7   Next: 3%
Magic:  6/6        EV: 10    Int:  5    God:    Xom [...*..]
Gold:   95         SH:  4    Dex:  9    Spells: 6/6 levels left

rFire   . . .      SeeInvis .   a - +0 war axe
rCold   . . .      Faith    .   c - +0 buckler
rNeg    . . .      Spirit   .   s - +0 plate armour
rPois   .          Reflect  .   (helmet restricted)
rElec   .          Harm     .   (no cloak)
rCorr   .          Rampage  .   (no gloves)
Will    .....                   h - +0 pair of boots
Stlth   ..........              (no amulet)
HPRegen 0.20/turn               e - +4 ring of evasion
MPRegen 0.10/turn               (no ring)

@: no status effects
A: horns 2, retaliatory headbutt
a: Renounce Religion


You were on level 4 of the Dungeon.
You worshipped Xom.
You were a favourite toy of Xom.
You visited 1 branch of the dungeon, and saw 4 of its levels.

You collected 95 gold pieces.

Inventory:

Hand Weapons
 a - a +0 war axe (weapon)
Armour
 c - a +0 buckler (worn)
 h - a +0 pair of boots (worn)
 s - a +0 plate armour (worn)
Jewellery
 e - a +4 ring of evasion (left hand)
Wands
 m - a wand of roots (1)
Scrolls
 b - a scroll of summoning {unknown}
 d - a scroll of brand weapon {unknown}
 g - a scroll of magic mapping {unknown}
 i - 3 scrolls of identify {unknown}
 j - a scroll of fear {unknown}
 o - a scroll of fog {unknown}
 q - 2 scrolls of poison {unknown}
 r - a scroll of enchant armour {unknown}
 t - a scroll of noise {unknown}
 u - a scroll of teleportation {unknown}
Potions
 f - a potion of berserk rage {unknown}
 k - 3 potions of haste {unknown}
 l - 2 potions of heal wounds {unknown}
 n - a potion of attraction {unknown}
 p - a potion of degeneration {unknown}


   Skills:
 + Level 5.0 Fighting
 + Level 6.5 Axes
 + Level 5.4 Armour
 + Level 1.2 Dodging
 + Level 4.8 Shields


You had 6 spell levels left.
You didn't know any spells.
Your spell library was empty.

Dungeon Overview and Level Annotations

Branches:
Dungeon (4/15)
 Temple: D:4-7

Altars:
Xom

Shops:
D:1 ?


Innate Abilities, Weirdness & Mutations

You have a pair of horns on your head.
You reflexively headbutt those who attack you in melee.


Message History

Found a stone staircase leading down.
Your butterfly disappears in a puff of smoke!
Your butterfly disappears in a puff of smoke! x2
Your butterfly disappears in a puff of smoke! x2
Found a stone staircase leading up.
Found a stone staircase leading up.
Found a stone staircase leading down.
A worm comes into view.
A worm is nearby!
The worm bites you!
You slice the worm!!
You kill the worm!
Xom is getting BORED.
You are now a BORING thing. "Time to have some fun!"
You are now a favourite toy of Xom.
There are monsters nearby!
You slash the sixfirhy! Your headbutt misses the sixfirhy.
The sixfirhy is moderately wounded.
You closely miss the ufetubus. You hit the sixfirhy. The ufetubus hits you.
The ufetubus barely misses you. x2; The ufetubus hits you.
You closely miss the sixfirhy.
The sixfirhy is moderately wounded.
You hit the ufetubus but do no damage. You miss the sixfirhy.
You block the sixfirhy's attack.
The ufetubus hits you but does no damage.
The ufetubus closely misses you. The sixfirhy hits you!
The sixfirhy shocks you! The ufetubus barely misses you. The ufetubus hits you.
The sixfirhy attacks as you move away!
The sixfirhy hits you but does no damage.
The sixfirhy hits you. The sixfirhy shocks you!
The sixfirhy closely misses you.
The sixfirhy hits you but does no damage.
The sixfirhy hits you. The sixfirhy shocks you!
* * * LOW HITPOINT WARNING * * *
The sixfirhy closely misses you. You block the sixfirhy's attack.
The sixfirhy hits you.
* * * LOW HITPOINT WARNING * * *
The sixfirhy shocks you!
You die...

......................#
......................#
......................
...............<......
......##.###.....<....
......##..............
.....# #....>#.######
...#. #.###.#...## ..
.... #.###@3#######
.... #....535.....# .
#####........#
###......# #......#
#......# ##.....#
#.....# #.....#


You could see 2 sixfirhies, a quasit (summoned) and an ufetubus (summoned).

Vanquished Creatures
  Grinder (D:3)
  A scorpion (D:4)
  A hound (D:3)
  Natasha (thrice) (D:2)
  An orc wizard (D:3)
  Robin (D:2)
  3 adders
  3 worms
  2 dart slugs
  4 orcs (D:3)
  5 endoplasms
  3 giant cockroaches
  13 goblins
  7 hobgoblins
  3 jackals (D:1)
  5 quokkas
  4 ball pythons
  6 bats
  2 frilled lizards
  4 kobolds
  8 rats
80 creatures vanquished.

Vanquished Creatures (others)
  2 fungi (D:2)
  A plant (D:2)
3 creatures vanquished.

Grand Total: 83 creatures vanquished

Notes
Turn   | Place    | Note
-------+----------+-------------------------------------------
     0 | D:1      | Locuples the Minotaur Fighter began the quest for the Orb.
     0 | D:1      | Reached XP level 1. HP: 19/19 MP: 0/0
   126 | D:1      | Found Oqeutopt's Magic Scroll Shoppe.
   272 | D:1      | Reached XP level 2. HP: 27/27 MP: 1/1
   678 | D:2      | Noticed Robin
   685 | D:2      | Reached XP level 3. HP: 19/33 MP: 2/2
   688 | D:2      | Reached skill level 3 in Axes
   694 | D:2      | Killed Robin
   911 | D:2      | Noticed Natasha
   917 | D:2      | Killed Natasha
   918 | D:2      | Reached XP level 4. HP: 13/40 MP: 3/3
   971 | D:2      | Noticed Natasha
   980 | D:2      | Killed Natasha
   981 | D:2      | Reached skill level 4 in Axes
  1452 | D:2      | Found a faded altar of an unknown god.
  1475 | D:2      | Prayed at the altar of an unknown god.
  1475 | D:2      | Became a worshipper of Xom of Chaos
  1501 | D:2      | Noticed Natasha
  1502 | D:2      | XOM: potion effect (brilliance)
  1509 | D:2      | Killed Natasha
  1510 | D:2      | Reached XP level 5. HP: 44/47 MP: 4/4
  1549 | D:2      | XOM: silly message
  2377 | D:3      | XOM: god gift: scroll labelled ERATYCL QALO {god gift}
  2500 | D:3      | Reached skill level 5 in Axes
  2678 | D:3      | Noticed Grinder
  2686 | D:3      | Paralysed by Grinder for 5 turns
  2693 | D:3      | XOM: confuse monster(s)
  2703 | D:3      | Killed Grinder
  2704 | D:3      | Reached skill level 5 in Fighting
  2704 | D:3      | Reached skill level 6 in Axes
  2704 | D:3      | Reached skill level 5 in Armour
  2704 | D:3      | Reached skill level 1 in Dodging
  2704 | D:3      | Reached XP level 6. HP: 55/56 MP: 5/5
  2758 | D:3      | XOM: scenery: 1 doors close
  2873 | D:4      | XOM: polymorph ball python -> adder
  2878 | D:4      | XOM: scenery: create altars
  2899 | D:4      | XOM: cast spell 'Alistair's Intoxication'
  2904 | D:4      | Reached XP level 7. HP: 59/61 MP: 6/6
  2946 | D:4      | XOM: scenery: summon butterflies
  3042 | D:4      | XOM is BORED!
  3042 | D:4      | XOM: summons 4 hostile demons
  3043 | D:4      | Noticed a sixfirhy
  3043 | D:4      | Noticed a sixfirhy
  3045 | D:4      | Mangled by a sixfirhy

Illustrated notes

Levels and vault maps discovered:
D:1:      dpeg_arrival_tiny_a, layout_loops_ring, serial_shops, shop_fountains,
          grunt_decor_resistance
D:2:      layout_rooms, shapermc_ecumenical_altar_ellora, uniq_robin,
          uniq_natasha
D:3:      layout_loops_corners, chequers_garden,
          corexii_item_surrounded_by_moat, nrook_uturn, uniq_grinder
D:4:      layout_rooms, okawaru_gym_becter

Skill      XL: |  1  2  3  4  5 |
---------------+----------------+-----
Shields        | 4 |  4.8
Armour         | 4 5 |  5.4
Fighting       | 4 5 |  5.0
Axes           | 3 4 6 |  6.5
Dodging        | 1 |  1.2

Action                   |  1- 3 |  4- 6 |  7- 9 || total
-------------------------+-------+-------+-------++-------
Melee: War axe           |    57 |    95 |     6 ||   158
       Headbutt          |     8 |    11 |     3 ||    22
  Use: Potion            |     1 |       |       ||     1
Armor: Scale mail        |    36 |    27 |       ||    63
       Plate armour      |       |    18 |     3 ||    21
Dodge: Dodged            |    67 |    51 |     7 ||   125
Block: Buckler           |    23 |    15 |     3 ||    41

Table legend: (Time is in decaauts)
 A = Elapsed time spent in this place.
 B = Non-inter-level travel time spent in this place.
 C = Inter-level travel time spent in this place.
 D = Time resting spent in this place.
 E = Time spent auto-exploring this place.
 F = Levels seen in this place.
 G = Mean time per level.
                   A        B        C        D        E       F      G
               +--------+--------+--------+--------+--------+-----+--------+
         Total |   3097 |   3045 |     52 |    201 |   2212 |   4 |  774.2 |
       Dungeon |   3097 |   3045 |     52 |    201 |   2212 |   4 |  774.2 |
               +--------+--------+--------+--------+--------+-----+--------+

Top non-repeatable levels by time:
     D:2: 1268 daAuts
     D:3: 961 daAuts
     D:1: 687 daAuts
     D:4: 179 daAuts
